 Dungeon Crawl Stone Soup version 0.27.1-16-g815e20cd7a (webtiles) character file.

Game seed: 230309633650814564

53 Descartes the Grasshopper (level 3, 0/18 HPs)
             Began as a Spriggan Warper on Nov 21, 2021.
             Slain by a gnoll (5 damage)
             ... on level 2 of the Dungeon.
             The game lasted 00:09:10 (3420 turns).

Descartes the Grasshopper (Spriggan Warper)         Turns: 3420, Time: 00:09:11

Health: 0/18       AC:  2    Str:  8    XL:     3   Next: 62%
Magic:  8/8        EV: 18    Int: 14    God:
Gold:   48         SH:  0    Dex: 14    Spells: 7/7 levels left

rFire    . . .     SeeInvis +   i - +0 short sword (venom)
rCold    . . .     Faith    .   (shield restricted)
rNeg     . . .     Spirit   .   b - +0 robe
rPois    .         Reflect  .   (helmet restricted)
rElec    .         Harm     .   (no cloak)
rCorr    .         Rampage  .   (gloves unavailable)
Will     .....                  (boots unavailable)
Stlth    ++........             (no amulet)
HPRegen  0.06/turn              (no ring)
MPRegen  0.11/turn              (no ring)

@: very quick
A: very small, no large weapons, unfitting armour, see invisible, speed 3
a: no special abilities


You were on level 2 of the Dungeon.
You visited 1 branch of the dungeon, and saw 3 of its levels.

You collected 48 gold pieces.

Inventory:

Hand Weapons
 a - a +0 short sword
 i - a +0 short sword of venom (weapon)
Missiles
 d - 5 boomerangs of dispersal (quivered)
 f - 25 stones
 j - 6 poisoned darts
Armour
 b - a +0 robe (worn)
Scrolls
 c - a scroll of blinking
 e - 2 scrolls of identify {unknown}
 h - a scroll of noise {unknown}
Potions
 g - a potion of mutation {unknown}
 k - a potion of brilliance {unknown}


   Skills:
 - Level 1.5 Fighting
 + Level 3.1 Short Blades
 - Level 1.0 Throwing
 + Level 3.7 Dodging
 + Level 2.8 Stealth
 - Level 2.6 Spellcasting
 - Level 5.0 Translocations


You had 7 spell levels left.
You didn't know any spells.
Your spell library contained the following spells:

 Spells                   Type           Power      Damage    Failure   Level
 Blink                    Tloc           N/A        N/A       4%          2
 Gell's Gravitas          Tloc           7%         N/A       9%          3
 Lesser Beckoning         Tloc           7%         N/A       9%          3
 Teleport Other           Tloc           15%        N/A       9%          3
 Manifold Assault         Tloc           15%        N/A       61%         5
 Fireball                 Conj/Fire      0%         3d3       99%         5
 Starburst                Conj/Fire      0%         6d3       100%        6
 Ignition                 Fire           0%         3d3       100%        8


Dungeon Overview and Level Annotations

Branches:
Dungeon (3/15)

Altars:
Qazlal

Shops:
D:1 *


Innate Abilities, Weirdness & Mutations

You are very small and have problems with some larger weapons.
You are too small for most types of armour.
You have supernaturally acute eyesight. (SInv)
You cover ground extremely quickly. (Speed+++)


Message History

You barely miss the gnoll. The gnoll hits you with a +0 flail.
You hit the gnoll but do no damage.
The gnoll is poisoned.
The gnoll hits you with a +0 flail.
You are too injured to fight recklessly!
You are too injured to fight recklessly!
You are too injured to fight recklessly!
You are too injured to fight recklessly!
You are too injured to fight recklessly!
You are too injured to fight recklessly!
You are too injured to fight recklessly!
You are too injured to fight recklessly!
You are too injured to fight recklessly!
You are too injured to fight recklessly!
You are too injured to fight recklessly!
You closely miss the gnoll. The gnoll misses you.
You hit the gnoll but do no damage.
The gnoll looks as sick as possible!
The gnoll misses you.
You barely miss the gnoll.
The gnoll is moderately wounded.
The gnoll closely misses you.
Unknown command.
You closely miss the gnoll.
The gnoll is severely wounded.
You hit the gnoll.
You kill the gnoll!
Things that are here:
a +0 flail; a gnoll corpse
Things that are here:
a +0 flail; a gnoll corpse A gnoll is nearby!
Things that are here:
a +0 flail; a gnoll corpse The gnoll hits you with a +0 whip!
* * * LOW HITPOINT WARNING * * *
You are too injured to fight recklessly!
You are too injured to fight recklessly!
You hit the gnoll.
The gnoll is poisoned.
The gnoll is lightly wounded.
The gnoll hits you with a +0 whip.
You die...

###### #.....
#.#..#############.#
#.#..##.............
#.#.......).@g.#
#.##.##.#####..###
#..<>..)<.....[...
######....###.......
#..#......###.. #..
###.........# . #..
#.....[.#######..# #
#..
#.#..............#
#.#..
#.#..#..#######..# #
#(#..


You could see a gnoll (poisoned).

Vanquished Creatures
  2 gnolls
  A dart slug (D:1)
  A ball python (D:1)
  3 endoplasms
  5 goblins
  5 hobgoblins (D:1)
  5 kobolds
  A quokka (D:2)
  2 bats
  4 rats
29 creatures vanquished.

Notes
Turn   | Place    | Note
-------+----------+-------------------------------------------
     0 | D:1      | Descartes the Spriggan Warper began the quest for the Orb.
     0 | D:1      | Reached XP level 1. HP: 10/10 MP: 5/5
    18 | D:1      | Found Jorof's Assorted Antiques.
   415 | D:1      | Reached skill level 1 in Stealth
   703 | D:1      | Reached XP level 2. HP: 9/14 MP: 6/6
  1946 | D:2      | Reached skill level 5 in Translocations
  2118 | D:2      | Found a stormy altar of Qazlal.
  2579 | D:2      | You fall into a shaft and drop 1 floor!
  2613 | D:3      | Found a faded altar of an unknown god.
  2732 | D:2      | Reached XP level 3. HP: 18/18 MP: 8/8
  3315 | D:2      | You fall into a shaft and drop 1 floor!
  3420 | D:2      | Slain by a gnoll

Illustrated notes

Levels and vault maps discovered:
D:1:      amcnicky_arrival_wind_blow, layout_basic, serial_shops,
          nicolae_shop_competitors_out_of_business, lemuel_another_geyser
D:2:      layout_basic, basic_altar
D:3:      layout_rooms, shapermc_ecumenical_altar_totnotflames

Skill      XL: |  1  2  3 |
---------------+----------+-----
Stealth        | 1 2 |  2.8
Translocations | 5 |  5.0
Short Blades   | 3 |  3.1
Fighting       | |  1.5
Throwing       | |  1.0
Dodging        | |  3.7
Spellcasting   | |  2.6

Action                   || total
-------------------------++-------
Melee: Short sword       ||   135
 Stab: Sleeping          ||     3
Armor: Robe              ||     6
Dodge: Dodged            ||    98
